 Dungeon Sprint DCSS version 0.19-a0-1007-g133f65f (webtiles) character file.

21886 nextgen the Wrestler (level 12, -3/132 HPs)
             Began as a Troll Monk on July 19, 2016.
             Was a High Priest of Ru.
             Slain by an ettin
             ... wielding a +0 dire flail
              (43 damage)
             ... in the Dungeon (Sprint IX: "|||||||||||||||||||||||||||||").
             The game lasted 00:08:26 (2141 turns).

nextgen the Wrestler (Troll Monk)                   Turns: 2141, Time: 00:08:28

Health: -3/132     AC: 12    Str: 24    XL:     12   Next: 58%
Magic:  0/12       EV: 18    Int:  1    God:    Ru [*****.]
Gold:   1282       SH:  0    Dex: 17    Spells: 0 memorised, 11 levels left

rFire  + + .     SeeInvis .       - Unarmed
rCold  . . .     Gourm    +     p - +2 troll leather armour
rNeg   + . .     Faith    .     (no shield)
rPois  .         Spirit   +     w - +1 hat
rElec  .         Dismiss  .     z - +1 cloak
rCorr  .         Reflect  .     (gloves unavailable)
SustAt .         Harm     .     (boots unavailable)
MR     .....     NoTele   +     u - amulet of Luuhup {Spirit rN+}
Stlth  ..........               v - ring "Ocly" {rF++ Int-5 Stlth-}
                                m - +3 ring of dexterity

@: flayed, slowed, very slow, not resistant to hostile enchantments, extremely
unstealthy
A: unfitting armour, claws 3, fast metabolism 3, gourmand, regeneration 2,
shaggy fur 1, tough skin 2, no stealth, hated by all, inability to train armour,
no earth magic, no summoning magic, no transmutations magic, unskilled 1
a: Draw Out Power, Power Leap, Apocalypse, Renounce Religion


You were in the Dungeon.
You worshipped Ru.
Ru was extremely pleased with you.
You were not hungry.

You visited 1 branch You collected 1909 gold pieces.
You spent 627 gold pieces at shops.

Inventory:

Armour
 p - a +2 troll leather armour (worn)
 w - a +1 hat (worn)
 z - a +1 cloak (worn)
Jewellery
 m - a +3 ring of dexterity (left claw)
 n - a +3 ring of strength
 u - the amulet of Luuhup (around neck) {Spirit rN+}
   (You bought it in a shop in the Dungeon)

   [amulet of guardian spirit]

   It causes incoming damage to be split between your health and magic.
   It protects you from negative energy.
 v - the ring "Ocly" (right claw) {rF++ Int-5 Stlth-}
   (You bought it in a shop in the Dungeon)

   [ring of loudness]

   It affects your intelligence (-5).
   It greatly protects you from fire.
   It makes you less stealthy.
 x - an uncursed ring of ice
 y - an uncursed ring of protection from fire
Wands
 k - a wand of acid (3/15)
Scrolls
 h - 2 scrolls of blinking
 i - 4 scrolls of remove curse
 j - 2 scrolls of amnesia
 o - 2 scrolls of fog
 q - 4 scrolls of identify
 A - 3 scrolls of fear
Potions
 a - a potion of brilliance
 c - 6 potions of curing
 d - 3 potions of cure mutation
 e - 2 potions of haste
 f - 4 potions of magic
 g - 2 potions of agility
 l - a potion of heal wounds
Comestibles
 b - 13 bread rations
 r - 40 fruits
 s - 12 meat rations


   Skills:
 + Level 12.0 Fighting
 + Level 12.5 Dodging
 * Level 21.0 Unarmed Combat
 + Level 1.8 Evocations


You had 11 spell levels left.
You didn't know any spells.

Dungeon Overview and Level Annotations

Branches:
Dungeon (1/1)

Altars:
Cheibriados
Dithmenos
Elyvilon
Fedhas
Gozag
Hepliaklqana
Kikubaaqudgha
Makhleb
Nemelex Xobeh
Okawaru
Pakellas
Qazlal
Ru
Sif Muna
Trog
Uskayaw
Vehumet
Xom
Yredelemnul
Zin
The Shining One
Beogh
Jiyva
Lugonu

Shops:
D *%%=


Innate Abilities, Weirdness & Mutations

You are too large for most types of armour.
You have claws for hands.
Your metabolism is lightning-fast.
You like to eat raw meat.
You heal very quickly.
You are covered in fur. (AC +1)
You have very tough skin. (AC +2)
You cannot be stealthy.
You are hated by all.
You cannot train Armour skill.
You cannot study or cast Earth magic.
You cannot study or cast Summoning magic.
You cannot study or cast Transmutations magic.
You are somewhat unskilled. (-1 Apt)


Message History

Unknown command.
You mangle the ettin!!
The ettin is severely wounded.
You feel sick.
You are no longer poisoned.
The ettin hits you with a dire flail.
* * * LOW HITPOINT WARNING * * *
The ettin hits you with a dire flail!!
* * * LOW HITPOINT WARNING * * *
You focus your will and blind the ettin in retribution!
You are too injured to fight recklessly!
Unknown command.
You are too injured to fight recklessly!
Unknown command.
You are too injured to fight recklessly!
Unknown command.
You are too injured to fight recklessly!
Unknown command.
You feel much better. The ettin hits you with a dire flail!!!
You die...

...'†....†...†........[.(.'..[.[[
▓▓▓▓▓▓▓▓▓▓▓▓▓▓▓▓▓▓▓▓▓▓▓▓▓▓▓▓▓▓▓▓▓
.............)...................
▓▓▓▓▓▓▓▓▓▓▓▓▓▓▓▓▓▓▓▓▓▓▓▓▓▓▓▓▓▓▓▓▓
))))))))(((.)))))(∩.∩.∩)∩.....'..
▓▓▓▓▓▓▓▓▓▓▓▓▓▓▓▓▓▓▓▓▓▓▓▓▓▓▓▓▓▓▓▓▓
.........................†.......
▓▓▓▓▓▓▓▓▓▓▓▓▓▓▓▓▓▓▓▓▓▓▓▓▓▓▓▓▓▓▓▓▓
[[[[..........'.@CWOW...
▓▓▓▓▓▓▓▓▓▓▓▓▓▓▓▓▓▓▓▓▓▓▓▓


You could see an ettin (blind), a flayed ghost, a two-headed ogre and a wraith.

Vanquished Creatures
  Gastronok (D)
  A stone giant (D)
  An ettin (D)
  Josephine (D)
  A centaur warrior (D)
  6 orc high priests (D)
  Urug (D)
  An unseen horror (D)
  A wizard (D)
  9 orc knights (D)
  A hill giant (D)
  2 ugly things (D)
  An orc sorcerer (D)
  An elephant (D)
  A black mamba (D)
  A spiny frog (D)
  A torpor snail (D)
  A rime drake (D)
  A komodo dragon (D)
  A tengu conjurer (D)
  A troll (D)
  2 polar bears (D)
  A slime creature (D)
  A wyvern (D)
  5 wraiths (D)
  Eustachio (D)
  A water moccasin (D)
  2 porcupines (D)
  6 black bears (D)
  10 orc warriors (D)
  A centaur (D)
  4 crocodiles (D)
  7 giant frogs (D)
  A killer bee (D)
  A crimson imp (D)
  A jelly (D)
  2 orc priests (D)
  An iguana (D)
  5 orc wizards (D)
  2 river rats (D)
  2 adder skeletons (D)
  A giant gecko (D)
  6 orcs (D)
  2 bats (D)
  A bat zombie (D)
  2 goblins (D)
  A kobold (D)
104 creatures vanquished.

Notes
Turn   | Place    | Note
-------+----------+-------------------------------------------
     0 | D        | nextgen the Troll Monk began the quest for the Orb.
     0 | D        | Reached XP level 1. HP: 22/22 MP: 0/0
    15 | D        | Reached skill level 4 in Unarmed Combat
    48 | D        | Noticed an orc wizard
    48 | D        | Noticed a jelly
    48 | D        | Noticed a crimson imp
    54 | D        | Reached XP level 2. HP: 31/31 MP: 1/1
    63 | D        | Reached skill level 5 in Unarmed Combat
    63 | D        | Reached XP level 3. HP: 28/37 MP: 2/2
    65 | D        | Reached skill level 6 in Unarmed Combat
    68 | D        | Reached skill level 7 in Unarmed Combat
    68 | D        | Reached XP level 4. HP: 40/48 MP: 3/3
   182 | D        | Found a glowing silver altar of Zin.
   182 | D        | Found a glowing golden altar of the Shining One.
   182 | D        | Found an ancient bone altar of Kikubaaqudgha.
   182 | D        | Found a basalt altar of Yredelemnul.
   182 | D        | Found a shimmering altar of Xom.
   182 | D        | Found a radiant altar of Vehumet.
   183 | D        | Found an iron altar of Okawaru.
   184 | D        | Found a burning altar of Makhleb.
   185 | D        | Found a deep blue altar of Sif Muna.
   186 | D        | Found a bloodstained altar of Trog.
   187 | D        | Found a sparkling altar of Nemelex Xobeh.
   188 | D        | Found a white marble altar of Elyvilon.
   189 | D        | Found a roughly hewn altar of Beogh.
   190 | D        | Found a viscous altar of Jiyva.
   191 | D        | Found a corrupted altar of Lugonu.
   192 | D        | Found a blossoming altar of Fedhas.
   193 | D        | Found a snail-covered altar of Cheibriados.
   194 | D        | Found a shadowy altar of Dithmenos.
   195 | D        | Found a stormy altar of Qazlal.
   196 | D        | Found an opulent altar of Gozag.
   197 | D        | Found a sacrificial altar of Ru.
   198 | D        | Found an oddly glowing altar of Pakellas.
   199 | D        | Found a hide-covered altar of Uskayaw.
   200 | D        | Found a hazy altar of Hepliaklqana.
   209 | D        | Became a worshipper of Ru the Awakened
   238 | D        | Noticed a giant frog
   238 | D        | Noticed a centaur
   238 | D        | Noticed a giant frog
   238 | D        | Noticed a troll
   245 | D        | Gained mutation: You cannot train Armour skill. [Ru sacrifice]
   245 | D        | Reached * piety under Ru
   258 | D        | Killed a giant frog
   258 | D        | Reached skill level 5 in Dodging
   258 | D        | Reached skill level 8 in Unarmed Combat
   258 | D        | Reached XP level 5. HP: 27/55 MP: 4/4
   262 | D        | Killed a centaur
   262 | D        | Reached skill level 5 in Fighting
   262 | D        | Reached skill level 9 in Unarmed Combat
   266 | D        | Reached XP level 6. HP: 27/66 MP: 5/5
   270 | D        | Reached skill level 10 in Unarmed Combat
   272 | D        | HP: 1/67 [troll (13)]
   273 | D        | Killed a troll
   273 | D        | Reached skill level 11 in Unarmed Combat
   273 | D        | Reached XP level 7. HP: 2/76 MP: 6/6
   510 | D        | Noticed a centaur warrior
   510 | D        | Noticed a hill giant
   510 | D        | Noticed a slime creature
   519 | D        | Killed a centaur warrior
   519 | D        | Reached skill level 13 in Unarmed Combat
   519 | D        | Reached XP level 8. HP: 47/87 MP: 7/7
   526 | D        | Killed a hill giant
   529 | D        | Killed a slime creature
   529 | D        | Reached skill level 14 in Unarmed Combat
   534 | D        | Reached XP level 9. HP: 47/97 MP: 8/8
   709 | D        | Noticed Josephine
   720 | D        | Killed Josephine
   720 | D        | Reached skill level 10 in Dodging
   720 | D        | Reached skill level 15 in Unarmed Combat
   720 | D        | Reached skill level 1 in Evocations
   730 | D        | Gained mutation: You cannot study or cast Earth magic. [Ru sacrifice]
   730 | D        | Gained mutation: You cannot study or cast Transmutations magic. [Ru sacrifice]
   730 | D        | Gained mutation: You cannot study or cast Summoning magic. [Ru sacrifice]
   730 | D        | Reached ** piety under Ru
   845 | D        | Noticed a spiny frog
   845 | D        | Noticed a black mamba
   845 | D        | Noticed a komodo dragon
   850 | D        | Killed a spiny frog
   850 | D        | Reached skill level 16 in Unarmed Combat
   850 | D        | Reached XP level 10. HP: 92/109 MP: 9/9
   858 | D        | Killed a black mamba
   861 | D        | Reached skill level 10 in Fighting
   967 | D        | Noticed a torpor snail
   967 | D        | Noticed an elephant
   977 | D        | Killed a torpor snail
   989 | D        | Killed an elephant
   989 | D        | Reached skill level 17 in Unarmed Combat
  1025 | D        | Gained mutation: You are hated by all. [Ru sacrifice]
  1025 | D        | Reached *** piety under Ru
  1112 | D        | Gained mutation: You are somewhat unskilled. (-1 Apt) [Ru sacrifice]
  1112 | D        | Reduced skill Dodging to level 10
  1112 | D        | Reduced skill Unarmed Combat to level 16
  1112 | D        | Reached **** piety under Ru
  1112 | D        | Reached ***** piety under Ru
  1154 | D        | Noticed Eustachio
  1160 | D        | Killed Eustachio
  1228 | D        | Reached skill level 10 in Fighting
  1234 | D        | Noticed an orc sorcerer
  1237 | D        | Noticed a sun demon
  1247 | D        | Noticed a soul eater
  1251 | D        | Killed an orc sorcerer
  1251 | D        | Reached skill level 17 in Unarmed Combat
  1251 | D        | Reached XP level 11. HP: 94/117 MP: 11/11
  1295 | D        | Gained mutation: You cannot be stealthy. [Ru sacrifice]
  1300 | D        | Noticed an orc knight
  1312 | D        | Noticed an orc knight
  1323 | D        | Killed an orc knight
  1338 | D        | Killed an orc knight
  1366 | D        | Found Emaaguem's General Store.
  1366 | D        | Noticed an orc high priest
  1366 | D        | Noticed an orc high priest
  1366 | D        | Noticed an orc knight
  1366 | D        | Noticed an orc knight
  1366 | D        | Noticed an orc knight
  1367 | D        | Noticed an orc knight
  1368 | D        | Noticed an orc knight
  1371 | D        | Killed an orc high priest
  1373 | D        | Killed an orc high priest
  1373 | D        | Reached skill level 18 in Unarmed Combat
  1374 | D        | Found Efag's Food Shoppe.
  1376 | D        | Noticed an orc high priest
  1379 | D        | Killed an orc knight
  1386 | D        | Killed an orc knight
  1387 | D        | Noticed a sun demon
  1390 | D        | Killed an orc knight
  1397 | D        | Killed an orc knight
  1400 | D        | Killed an orc knight
  1401 | D        | Found Menuitin's Food Emporium.
  1404 | D        | Killed an orc high priest
  1410 | D        | Noticed an orc knight
  1444 | D        | Killed an orc knight
  1444 | D        | Reached skill level 19 in Unarmed Combat
  1570 | D        | Found Zutug's Jewellery Shoppe.
  1573 | D        | Noticed an orc high priest
  1574 | D        | Noticed an orc knight
  1575 | D        | Noticed an orc high priest
  1576 | D        | Noticed an orc high priest
  1582 | D        | Killed an orc high priest
  1587 | D        | Killed an orc knight
  1595 | D        | Killed an orc high priest
  1595 | D        | Reached XP level 12. HP: 104/130 MP: 12/12
  1601 | D        | Killed an orc high priest
  1605 | D        | Bought the amulet of Luuhup {Spirit rN+} for 412 gold pieces
  1605 | D        | Bought the ring "Ocly" {rF++ Int-5 Stlth-} for 215 gold pieces
  1920 | D        | Noticed Gastronok
  1931 | D        | Killed Gastronok
  1931 | D        | Reached skill level 20 in Unarmed Combat
  1967 | D        | Noticed Urug
  1977 | D        | Killed Urug
  2111 | D        | Noticed a stone giant
  2115 | D        | Noticed an ettin
  2127 | D        | Noticed an ettin
  2132 | D        | Killed a stone giant
  2138 | D        | Killed an ettin
  2138 | D        | Reached skill level 21 in Unarmed Combat
  2141 | D        | Slain by an ettin

Vault maps used:
D:        linesprint

Skill      XL: |  1  2  3  4  5  6  7  8  9 10 11 12 |
---------------+-------------------------------------+-----
Unarmed Combat | 4 5 7 8 9 11 13 14 16 17 19 21 | 21.0
Fighting       | 3 4 5 6 7 8 9 10 11 12 | 12.0
Dodging        | 3 4 5 7 8 9 10 10 11 12 | 12.5
Evocations     | 1 |  1.8
Stealth        | 0 |  0.0

Action                   |  1- 3 |  4- 6 |  7- 9 | 10-12 || total
-------------------------+-------+-------+-------+-------++-------
Melee: Unarmed           |    24 |    33 |    43 |   258 ||   358
       Punch             |       |     1 |     2 |    36 ||    39
Invok: Sacrifice Durabil |       |     1 |       |       ||     1
       Sacrifice Arcana  |       |       |     1 |       ||     1
       Sacrifice Love    |       |       |       |     1 ||     1
       Sacrifice Skill   |       |       |       |     1 ||     1
       Sacrifice Stealth |       |       |       |     1 ||     1
       Reject Sacrifices |       |       |       |     1 ||     1
Evoke: Wand              |       |       |     3 |     1 ||     4
  Use: Potion            |     1 |     1 |     3 |     1 ||     6
       Scroll            |       |       |     2 |     2 ||     4
 Stab: Invisible         |       |       |     8 |     2 ||    10
       Paralysed         |       |       |       |     5 ||     5
       Sleeping          |       |       |       |     1 ||     1
       Distracted        |       |       |       |     1 ||     1
  Eat: Chunk             |       |       |    11 |       ||    11
       Bread ration      |       |       |       |     2 ||     2
Armor: Robe              |     8 |     6 |       |       ||    14
       Troll hide        |       |       |     3 |       ||     3
       Troll leather arm |       |       |     2 |    22 ||    24
Dodge: Dodged            |    12 |    22 |    20 |    98 ||   152
